[Event "January 9 Early 2024"]
[Site "https://www.chess.com"]
[Date "2024.01.11"]
[Round "4"]
[White "Bogaudinov, Rushan"]
[Black "Kurmangaliyeva, Liya"]
[Result "0-1"]
[Board "301"]
[TimeControl "180+1"]
[WhiteFideId "4129288"]
[BlackFideId "13725831"]
[WhiteElo "2384"]
[BlackElo "2534"]
[WhiteTeam "RUS"]
[BlackTeam "KAZ"]
[WhiteClock "0:00:11"]
[BlackClock "0:00:08"]

1. e4 c5 2. Nf3 d6 3. g3 Nc6 4. Bg2 g6 5. O-O Bg7 6. c3 e5 7. Na3 Nge7 8. Nc2 O-O 9. d4 exd4 10. cxd4 Bg4 11. Be3 Qb6 12. dxc5 dxc5 13. Rb1 Rad8 14. Qe1 Nd4 15. Ncxd4 cxd4 16. Bg5 Rfe8 17. Qd2 Rd7 18. h3 Be6 19. b3 Nc6 20. Bf4 Qb4 21. Rfd1 Qxd2 22. Rxd2 h6 23. h4 Bg4 24. Ne1 Bf8 25. f3 Be6 26. Nd3 Red8 27. Bf1 Nb4 28. Nxb4 Bxb4 29. Rd3 Rc8 30. Bxh6 Rc2 31. a3 Bxa3 32. Rd2 Rxd2 33. Bxd2 Bc5 34. Bd3 Bb6 35. Kf2 Rc7 36. f4 f5 37. Kf3 Kf7 38. Rh1 Kf6 39. h5 Rh7 40. h6 Bxb3 41. g4 fxg4+ 42. Kxg4 Be6+ 43. Kf3 Bc5 44. e5+ Kf7 45. Be4 b6 46. Bc1 a5 47. Bd2 a4 48. Ra1 Bb3 49. Rc1 Rxh6 50. f5 Rh3+ 51. Kg4 Rh2 52. fxg6+ Kg7 53. Bg5 Be6+ 54. Bf5 Rg2+ 55. Kf3 Rxg5 56. Bxe6 Rxe5 57. Bd7 Kxg6 58. Bxa4 Re3+ 59. Kf4 Bd6+ 60. Kg4 Bc5 61. Bb5 Kf6 62. Rb1 Ke5 63. Bc4 Ke4 64. Rb5 d3 65. Rb3 Kd4 66. Bxd3 Rxd3 67. Rb1 Kc3 68. Kf4 Kc4 69. Ke4 Rc3 70. Ra1 b5 71. Rb1 b4 72. Rb2 b3 73. Rb1 Rc2 74. Ke5 Kc3 75. Ke4 Ba3 76. Ke3 Rc1 77. Rxb3+ Kxb3 78. Kd2 Rc7 79. Kd3 Rd7+ 80. Ke4 Kc4 81. Ke5 Re7+ 82. Kf6 Kd5 0-1

[Event "January 9 Early 2024"]
[Site "https://www.chess.com"]
[Date "2024.01.11"]
[Round "4"]
[White "Garbarino, Rodolfo"]
[Black "Kopczynski, Michal"]
[Result "1/2-1/2"]
[Board "302"]
[TimeControl "180+1"]
[WhiteFideId "100412"]
[BlackFideId "1124200"]
[WhiteElo "2371"]
[BlackElo "2519"]
[WhiteTeam "ARG"]
[BlackTeam "POL"]
[WhiteClock "0:00:10"]
[BlackClock "0:00:06"]

1. e4 b6 2. d4 Bb7 3. Nc3 e6 4. Nf3 Nf6 5. Bd3 d5 6. exd5 Nxd5 7. Nxd5 Qxd5 8. O-O Bd6 9. Re1 Qh5 10. Be4 Bxe4 11. Rxe4 O-O 12. Qd3 Nd7 13. Bf4 Nf6 14. Bxd6 cxd6 15. Rh4 Qg6 16. Qxg6 hxg6 17. c3 b5 18. Ng5 d5 19. f3 a5 20. g4 b4 21. Rh3 bxc3 22. bxc3 Rfc8 23. Rc1 Rab8 24. Rg3 Rb2 25. Rg2 Rcb8 26. Rcc2 Rb1+ 27. Kf2 Ne8 28. Rg1 Nd6 29. Rxb1 Rxb1 30. Nh3 Nc4 31. Nf4 a4 32. Nd3 a3 33. Rc1 Rb5 34. Rc2 Nb2 35. Nc5 Kf8 36. Ke2 Ke7 37. Nb3 Kd6 38. Nd2 Na4 39. c4 Rb2 40. Kd3 Rb8 41. cxd5 exd5 42. Nb3 Nb2+ 43. Ke2 Nc4 44. Rc3 Rh8 45. Kd3 Rxh2 46. Rc2 Rh3 47. Ke2 Rh2+ 48. Kd3 Nb2+ 49. Kc3 Nd1+ 50. Kd3 Nb2+ 51. Kc3 Rh3 52. Rf2 Na4+ 53. Kb4 Nb2 54. Kxa3 Nc4+ 55. Kb4 f5 56. gxf5 gxf5 57. Rg2 Rxf3 58. Rg6+ Ke7 59. Rxg7+ Kf6 60. Rg8 f4 61. a4 Rf1 62. Nc5 Rb1+ 63. Kc3 Ra1 64. Rf8+ Kg5 65. Ne6+ Kg4 66. Nxf4 Rxa4 67. Nxd5 Nd6 68. Ne3+ Kg5 69. Nc2 Rc4+ 70. Kd3 Rc8 71. Rf1 Rd8 72. Ne3 Kg6 73. Rg1+ Kf6 74. Rf1+ Ke6 75. Rh1 Kd7 76. Rh7+ Kc6 77. Rh6 Kd7 78. Rh7+ Kc6 79. Rh6 Kd7 80. Nc4 Nxc4 81. Kxc4 Rc8+ 82. Kd5 Re8 83. Rh7+ Kc8 84. Kd6 Rd8+ 85. Kc6 Rxd4 86. Rh8+ Rd8 87. Rxd8+ Kxd8 1/2-1/2

[Event "January 9 Early 2024"]
[Site "https://www.chess.com"]
[Date "2024.01.11"]
[Round "4"]
[White "Yagupov, Igor"]
[Black "Anton Guijarro, David"]
[Result "1/2-1/2"]
[Board "303"]
[TimeControl "180+1"]
[WhiteFideId "4113632"]
[BlackFideId "2285525"]
[WhiteElo "2650"]
[BlackElo "2980"]
[WhiteTeam "RUS"]
[BlackTeam "ESP"]
[WhiteClock "0:00:02"]
[BlackClock "0:00:05"]

1. e4 c5 2. Nf3 Nc6 3. d4 cxd4 4. Nxd4 e5 5. Nb5 d6 6. c4 Be6 7. b3 a6 8. N5c3 Be7 9. Bd3 Bg5 10. Bb2 h5 11. O-O h4 12. h3 Nge7 13. Nd5 Ng6 14. Be2 Bxd5 15. cxd5 Nd4 16. Bg4 O-O 17. Bxd4 exd4 18. Na3 Bf4 19. Nc2 Be5 20. Nb4 Qf6 21. Nd3 Nf4 22. Rc1 b5 23. g3 Nxd3 24. Qxd3 hxg3 25. fxg3 Qe7 26. Kg2 Ra7 27. Rc6 g6 28. h4 Kg7 29. Rfc1 Rh8 30. Rc8 Rxc8 31. Rxc8 Rc7 32. a4 Rc3 33. Rxc3 dxc3 34. axb5 axb5 35. Bd1 Qa7 36. Bc2 b4 37. Qe2 Qe7 38. Qd3 Qd8 39. Qe2 Bf6 40. h5 Qe7 41. hxg6 fxg6 42. Qg4 Qe5 43. Qd7+ Be7 44. Qe6 Qg5 45. Kf3 Kh6 46. Qh3+ Kg7 47. Qe6 Bf8 48. Qd7+ Kh8 49. Qh3+ Kg8 50. Qe6+ Kh7 51. Qh3+ Bh6 52. Qd7+ Bg7 53. Qh3+ Kg8 54. Qe6+ Kf8 55. e5 Bxe5 56. Bxg6 Qf6+ 57. Qxf6+ Bxf6 58. Bc2 Kg7 59. Ke4 Kh6 60. Kf5 Bg5 61. g4 Bd2 62. Bd3 Kg7 63. Bc2 Kf7 64. g5 Kg7 65. Bd3 Bc1 66. Bc2 Be3 67. Bd3 Kf7 68. Bc2 Ke7 69. Bd3 Kd7 70. Kf6 Bd4+ 71. Kf7 Kc7 72. g6 Kb6 73. Ke6 Kc5 74. Bc2 Be5 75. Bf5 Kd4 76. g7 Bxg7 77. Kxd6 Ke3 78. Kc5 Bf8+ 79. d6 Kd2 80. Kxb4 Bxd6+ 81. Kc4 c2 82. Bxc2 Kxc2 83. b4 Bxb4 1/2-1/2

[Event "January 9 Early 2024"]
[Site "https://www.chess.com"]
[Date "2024.01.11"]
[Round "4"]
[White "Sadhwani, Raunak"]
[Black "Finek, Vaclav"]
[Result "1/2-1/2"]
[Board "304"]
[TimeControl "180+1"]
[WhiteFideId "35093487"]
[BlackFideId "23718293"]
[WhiteElo "3074"]
[BlackElo "2829"]
[WhiteTeam "IND"]
[BlackTeam "CZE"]
[WhiteClock "0:00:16"]
[BlackClock "0:00:17"]

1. c4 e5 2. e3 Nf6 3. Nc3 d5 4. cxd5 Nxd5 5. Nf3 Nc6 6. Qc2 Qd6 7. Nxd5 Qxd5 8. Bc4 Qd8 9. O-O Bd6 10. a3 a5 11. h3 O-O 12. d3 Bd7 13. Bd2 Ne7 14. Bc3 Ng6 15. d4 Qe7 16. dxe5 Nxe5 17. Bd5 c6 18. Be4 Nxf3+ 19. Bxf3 Be5 20. Rfd1 Bxc3 21. Qxc3 Bf5 22. Rd4 Rfd8 23. Rad1 Rxd4 24. Rxd4 h6 25. Qd2 Be6 26. h4 Qc7 27. h5 Rc8 28. g3 Qe5 29. Kg2 Qc7 30. Be4 Rf8 31. Bb1 Bd5+ 32. Be4 Bxe4+ 33. Rxe4 Rd8 34. Qc3 c5 35. Rg4 Qc6+ 36. e4 Rd4 37. Kh2 a4 38. Qe3 Qf6 39. Kg2 Qe5 40. Qf3 Rd2 41. Rf4 Qe6 42. Qc3 Qd6 43. Rg4 Rd4 44. Qf3 Qe5 45. Rf4 Qe6 46. Qe3 b5 47. Qe2 b4 48. Qb5 Rxe4 49. Qb8+ Kh7 50. Rf3 bxa3 51. bxa3 Re2 52. Qb7 c4 53. Rxf7 Qe4+ 54. Qxe4+ Rxe4 55. Rc7 Rd4 56. Kh3 Kg8 57. f4 Rd3 58. Kg4 Rxa3 59. Rxc4 Kf7 60. Rc7+ Kf6 61. Rc6+ Kf7 62. Ra6 Kg8 63. Kh4 Kf7 64. Ra7+ Kf6 65. Ra6+ Kf7 66. g4 Ra1 67. g5 hxg5+ 68. Kxg5 Rg1+ 69. Kf5 Rh1 70. Ra7+ Kg8 71. Kg6 Rg1+ 72. Kf5 Rh1 73. Rxa4 Rxh5+ 74. Ke6 Rh6+ 75. Ke5 Rf6 76. f5 Kh7 77. Rh4+ Kg8 78. Rg4 Kf7 79. Ra4 Kg8 80. Ra8+ Kh7 81. Ra7 Kg8 82. Re7 Kf8 83. Re6 Rxe6+ 84. Kxe6 Ke8 85. Ke5 Kf7 86. Kf4 Kf6 87. Kg4 g6 88. fxg6 Kxg6 1/2-1/2

[Event "January 9 Early 2024"]
[Site "https://www.chess.com"]
[Date "2024.01.11"]
[Round "4"]
[White "Bodnaruk, Anastasia"]
[Black "Sokolovsky, Yahli"]
[Result "0-1"]
[Board "305"]
[TimeControl "180+1"]
[WhiteFideId "4181751"]
[BlackFideId "2820242"]
[WhiteElo "2550"]
[BlackElo "2763"]
[WhiteTeam "RUS"]
[BlackTeam "ISR"]
[WhiteClock "0:00:05"]
[BlackClock "0:00:12"]

1. e4 d6 2. d4 g6 3. Nc3 Bg7 4. f4 Nf6 5. Nf3 O-O 6. e5 dxe5 7. fxe5 Nd5 8. Bd3 c5 9. Nxd5 Qxd5 10. c4 Qd8 11. d5 Bg4 12. Bf4 Nd7 13. Qe2 Bxf3 14. gxf3 Qb8 15. h4 Nxe5 16. Kf1 Qd6 17. Re1 f6 18. h5 g5 19. h6 Bh8 20. Bg3 Qd7 21. Bb1 Rf7 22. Qc2 Nxf3 23. Rd1 Qg4 24. Kg2 Nd4 25. Qd3 f5 26. Rdf1 f4 27. Rh3 Raf8 28. Qe4 Ne2 29. Rf3 Nd4 30. Rf2 Qd7 31. Bh2 f3+ 32. Kg3 Nf5+ 33. Kg4 Nd6+ 34. Qe6 Qxe6+ 35. dxe6 Rf6 36. Kxg5 Rxe6 37. Rhxf3 Rxf3 38. Rxf3 Ne4+ 39. Kg4 Nf6+ 40. Kf5 Re1 41. Rg3+ Kf7 42. Bc2 e6+ 43. Kg5 Re2 44. Bd3 Rxh2 45. Rf3 Rh5+ 46. Kf4 Rxh6 47. Ke5 Ke7 48. Kf4 Nd7 49. Ke3 Rf6 50. Rg3 Ne5 51. Be2 Rf8 52. Rh3 Rf7 53. Rh5 Ng6 54. Rxc5 Be5 55. Rb5 b6 56. c5 bxc5 57. Rxc5 Kf6 58. Ra5 Rd7 59. Bd3 Bxb2 60. a4 Ne5 61. Be2 Bc1+ 62. Kf2 Nc6 63. Rc5 Nd4 64. Rxc1 Nxe2 65. Kxe2 Rd4 66. a5 Ra4 67. Rc5 e5 68. Ke3 Kf5 69. Rc7 Ra3+ 70. Kf2 Rxa5 71. Rxh7 Ke4 72. Ke2 Ra2+ 73. Kd1 a5 74. Rd7 a4 75. Ra7 a3 76. Kc1 Kf3 77. Rf7+ Ke3 78. Ra7 e4 79. Kb1 Rb2+ 80. Ka1 Rb3 81. Ka2 Rd3 82. Re7 Kf3 83. Rf7+ Ke2 84. Re7 e3 85. Rh7 Kf3 86. Rh3+ Kg4 87. Rh1 e2 88. Re1 Kf3 89. Rc1 Rd1 90. Rc3+ Kf2 91. Rc2 Kf1 0-1

[Event "January 9 Early 2024"]
[Site "https://www.chess.com"]
[Date "2024.01.11"]
[Round "4"]
[White "Tejedor Fuente, Enrique"]
[Black "Erzhanov, Arman"]
[Result "1-0"]
[Board "306"]
[TimeControl "180+1"]
[WhiteFideId "2299100"]
[BlackFideId "4138821"]
[WhiteElo "2719"]
[BlackElo "2527"]
[WhiteTeam "ESP"]
[BlackTeam "KAZ"]
[WhiteClock "0:00:08"]
[BlackClock "0:00:08"]

1. g3 c5 2. Bg2 Nc6 3. c3 e5 4. d3 d5 5. Nd2 Nf6 6. Ngf3 Be7 7. O-O O-O 8. e4 Re8 9. h3 Bf8 10. a4 h6 11. Re1 d4 12. c4 Nb4 13. Nf1 Nh7 14. N3h2 Be7 15. Kh1 Bg5 16. f4 exf4 17. gxf4 Bh4 18. Re2 Bd7 19. Nf3 Be7 20. Ne5 Bf8 21. Nxd7 Qxd7 22. Nh2 f6 23. Bf3 Bd6 24. Bg4 Qc7 25. Rf2 Nf8 26. Qf1 Ne6 27. b3 Re7 28. Bh5 Rf8 29. Rb1 a6 30. Rbb2 Rb8 31. Ng4 Kh8 32. Bg6 b5 33. axb5 axb5 34. Bd2 bxc4 35. bxc4 Nc6 36. Rxb8+ Qxb8 37. f5 Nf8 38. Bh5 Ne5 39. Nxe5 Bxe5 40. Rg2 Rb7 41. Qe2 Rb1+ 42. Rg1 Rxg1+ 43. Kxg1 Qb1+ 44. Kg2 Qc2 45. Ba5 Qxe2+ 46. Bxe2 Nd7 47. Bh5 Bd6 48. Kf3 Kg8 49. Ke2 Ne5 50. Bd8 Kf8 51. Kd2 Nf7 52. Bxf7 Kxf7 53. Ke2 Ke8 54. Ba5 Kf7 55. Kf3 g6 56. fxg6+ Kxg6 57. Bd2 Bc7 58. Bc1 Bd6 59. Bf4 Be7 60. Kg4 Bf8 61. Bg3 Be7 62. Bc7 h5+ 63. Kf4 Bf8 64. e5 f5 65. Bd6 Bh6+ 66. Kf3 Kf7 67. Bxc5 Ke6 68. Bxd4 Bg7 69. Be3 Bxe5 70. d4 Bb8 71. Bf4 Ba7 72. d5+ Kf6 73. Bg3 Bc5 74. Bf2 Bd6 75. Bh4+ Ke5 76. Bg3+ Kd4 77. Bxd6 Kxc4 78. Kf4 Kxd5 79. Bb8 Ke6 80. h4 Kf6 81. Be5+ Ke6 82. Bb2 Kf7 83. Kxf5 Kg8 84. Kg5 Kh7 85. Kxh5 Kg8 86. Kg6 1-0

[Event "January 9 Early 2024"]
[Site "https://www.chess.com"]
[Date "2024.01.11"]
[Round "4"]
[White "Bardyk, Artem"]
[Black "Giri, Anish"]
[Result "1/2-1/2"]
[Board "307"]
[TimeControl "180+1"]
[WhiteFideId "34349979"]
[BlackFideId "24116068"]
[WhiteElo "2776"]
[BlackElo "2980"]
[WhiteTeam "RUS"]
[BlackTeam "NED"]
[WhiteClock "0:00:08"]
[BlackClock "0:00:13"]

1. e4 c5 2. c3 d5 3. exd5 Qxd5 4. Nf3 Nf6 5. Na3 e6 6. Bc4 Qd8 7. d4 a6 8. O-O b5 9. Be2 Bb7 10. Nc2 Nbd7 11. Re1 Be7 12. Bf4 O-O 13. h3 cxd4 14. Ncxd4 Re8 15. Ne5 Nxe5 16. Bxe5 Nd7 17. Bf3 Bxf3 18. Qxf3 Nxe5 19. Rxe5 Bf6 20. Re4 Qd5 21. Rg4 Qxf3 22. Nxf3 Rab8 23. Kf1 a5 24. Nd4 Rec8 25. a3 b4 26. axb4 axb4 27. Rc1 bxc3 28. bxc3 Rb2 29. Ne2 Rd8 30. Rb4 Ra2 31. Nd4 g6 32. Nf3 Rc8 33. c4 Be7 34. c5 Rxc5 35. Rbb1 Kg7 36. g3 Rca5 37. Kg2 Bc5 38. Rf1 Ba7 39. Ne1 Rd2 40. Rb3 Rad5 41. Rf3 g5 42. g4 h6 43. Rg3 Re2 44. Rf3 Kg6 45. Kg1 Rd1 46. Ng2 Rxf1+ 47. Kxf1 Rd2 48. Ne3 f5 49. gxf5+ exf5 50. Nxf5 Rd1+ 51. Kg2 Rd7 52. Ng3 h5 53. Ra3 Bb8 54. Ra6+ Rd6 55. Rxd6+ Bxd6 56. Ne4 Bf4 57. Kf3 Kf5 58. Nc5 Bd6 59. Nd3 Bc7 60. Kg2 Ke4 61. Ne1 Ba5 62. Nf3 Kf4 63. Ng1 Bb6 64. Ne2+ Kf5 65. Ng3+ Kg6 66. Ne4 Bc7 67. Nc5 Kf5 68. Nd3 Bd6 69. Ne1 Ke4 70. Nf3 Bf4 71. Ng1 Kd3 72. Nf3 Ke4 73. Ng1 Bc1 74. Ne2 Bd2 75. Ng3+ Ke5 76. Nxh5 Kf5 77. Ng3+ Kf4 78. Ne2+ Ke4 79. Kg3 Kf5 80. Kf3 Bb4 81. Ng3+ Ke5 82. Kg4 Be1 83. f3 Bxg3 84. Kxg3 Kf5 85. Kg2 Ke6 86. Kf2 Kf6 87. Ke2 Ke6 88. Kd3 Kd5 89. Ke3 Ke5 90. Ke2 Ke6 91. Kf1 Kf7 92. Kg2 Kg6 93. Kf2 Kf6 94. Kf1 Kf5 95. Kg1 Ke5 96. Kh2 Kf6 97. Kg2 Ke6 98. Kg3 Kf5 99. h4 gxh4+ 100. Kxh4 Kf4 101. Kh5 Kxf3 1/2-1/2

[Event "January 9 Early 2024"]
[Site "https://www.chess.com"]
[Date "2024.01.11"]
[Round "4"]
[White "Lima, Artur Tin Lun Dai"]
[Black "Flynn, Jacob"]
[Result "1-0"]
[Board "308"]
[TimeControl "180+1"]
[WhiteFideId "22773150"]
[BlackFideId "2509393"]
[WhiteElo "2389"]
[BlackElo "2509"]
[WhiteTeam "BRA"]
[BlackTeam "IRL"]
[WhiteClock "0:00:15"]
[BlackClock "0:00:06"]

1. d4 Nf6 2. Bf4 d5 3. e3 c5 4. Nf3 Nc6 5. Nbd2 cxd4 6. exd4 Bf5 7. c3 e6 8. Ne5 Be7 9. Bb5 Rc8 10. O-O O-O 11. a4 Nxe5 12. Bxe5 a6 13. Be2 Ne4 14. Nxe4 Bxe4 15. Bd3 Bxd3 16. Qxd3 Bd6 17. Bxd6 Qxd6 18. a5 Rc4 19. Ra3 g6 20. Rb3 Qc7 21. Ra1 Rc8 22. g3 Kg7 23. Raa3 Qe7 24. Rb6 R8c7 25. Qe3 h5 26. Qe5+ Kh7 27. h4 R4c6 28. Rab3 Rxb6 29. Rxb6 Qd7 30. Kg2 Rc8 31. Qe2 Qc7 32. Qc2 Rd8 33. Qb3 Rd7 34. Qb4 Kg7 35. Kg1 Qc8 36. Kg2 Rc7 37. Qd6 Qd7 38. Qe5+ Kf8 39. Qf6 Ke8 40. Qh8+ Ke7 41. Qb8 Kf6 42. Kf3 Kg7 43. Kg2 Qe7 44. Qa7 Qd7 45. Qb8 Qe7 46. Qa7 Rd7 47. Qb8 Kh7 48. Qc8 Rc7 49. Qb8 Qd7 50. Qa7 Qc8 51. Kf3 Kg7 52. Ke3 Kf8 53. Kf3 Ke7 54. Ke3 Kf8 55. Kf3 Kg7 56. Ke3 f6 57. Rd6 Rc6 58. Rxc6 Qxc6 59. Qb8 Qd7 60. Qa7 Qe7 61. Qb6 e5 62. Kd2 e4 63. Ke3 Qd7 64. Qc5 Kf7 65. b3 Ke6 66. c4 dxc4 67. bxc4 Kf7 68. d5 Qf5 69. Ke2 Qf3+ 70. Ke1 Qc3+ 71. Kf1 Qd3+ 72. Kg1 Qd1+ 73. Kg2 Qf3+ 74. Kg1 g5 75. hxg5 fxg5 76. d6 h4 77. Qd5+ Kg6 78. gxh4 gxh4 79. Qe6+ Kg5 80. d7 h3 81. d8=Q+ Kh5 82. Qh8+ Kg5 83. Qeg8+ Kf4 84. Qf8+ Kg4 85. Qxf3+ Kxf3 86. Qxh3+ Ke2 87. Qe3+ Kd1 88. Qxe4 Kc1 89. Qe3+ Kb2 90. f4 b5 91. f5 bxc4 92. Qd4+ c3 93. f6 Kb3 94. f7 c2 95. Qd3+ Kb2 96. Qd2 Kb1 97. f8=Q c1=Q+ 98. Qxc1+ Kxc1 99. Qd6 Kb2 100. Qxa6 Ka3 101. Qb6 Ka4 102. a6 1-0

[Event "January 9 Early 2024"]
[Site "https://www.chess.com"]
[Date "2024.01.11"]
[Round "4"]
[White "Christiansen, Johan-Sebastian"]
[Black "Kashefi, Amir Hosein"]
[Result "1-0"]
[Board "309"]
[TimeControl "180+1"]
[WhiteFideId "1512668"]
[BlackFideId "12557935"]
[WhiteElo "2890"]
[BlackElo "2616"]
[WhiteTeam "NOR"]
[BlackTeam "IRI"]
[WhiteClock "0:00:05"]
[BlackClock "0:00:06"]

1. e4 c6 2. d4 d5 3. Nd2 dxe4 4. Nxe4 Nd7 5. Nf3 Ngf6 6. Nxf6+ Nxf6 7. c3 Bg4 8. h3 Bh5 9. g4 Bg6 10. Ne5 Nd7 11. Nxg6 hxg6 12. Bg2 e6 13. Bf4 Nf6 14. Be5 Bd6 15. Qe2 Bxe5 16. Qxe5 Qb6 17. O-O-O O-O-O 18. f4 Qc7 19. Qe3 Nd5 20. Bxd5 Rxd5 21. Rdf1 Kb8 22. h4 a6 23. Rh3 Ka8 24. Rfh1 Qa5 25. Kb1 Rdd8 26. h5 gxh5 27. Rxh5 Rxh5 28. Rxh5 Qc7 29. Qe5 Qxe5 30. fxe5 Kb8 31. Rh7 Rg8 32. Kc2 Kc7 33. Kd3 Kd7 34. Ke4 Ke7 35. g5 g6 36. Rh2 Rc8 37. c4 Rd8 38. Rd2 b5 39. cxb5 axb5 40. Rc2 Kd7 41. Rh2 Ra8 42. a3 Ra7 43. Rh7 Kc8 44. Rh8+ Kc7 45. Rf8 Kb6 46. Kd3 Rd7 47. Kc3 Ra7 48. Rd8 Rc7 49. Kb4 Ra7 50. b3 Rb7 51. Rd6 Ra7 52. a4 bxa4 53. bxa4 Kc7 54. a5 Ra8 55. Ka4 Ra7 56. Kb4 Ra8 57. Ka4 Rb8 58. Ka3 Rb5 59. Ka4 Rb1 60. Ka3 Rg1 61. Kb4 Rb1+ 62. Ka4 Rb5 63. a6 Rb2 64. d5 exd5 65. Rf6 Ra2+ 66. Kb4 Rxa6 67. Rxf7+ Kb6 68. Rf6 Ra2 69. e6 c5+ 70. Kc3 Re2 71. Rxg6 Kb5 72. Kd3 Re5 73. Rf6 d4 74. g6 Re3+ 75. Kd2 c4 76. g7 c3+ 77. Kd1 Rg3 78. e7 Rg1+ 79. Ke2 Kc4 80. e8=Q d3+ 81. Kf2 Rxg7 82. Rc6+ Kb3 83. Qb8+ Kc2 84. Rxc3+ Kxc3 85. Qe5+ Kc2 86. Qxg7 d2 87. Qc7+ Kd1 88. Qd6 Kc1 89. Qc5+ Kd1 90. Qd5 Kc2 91. Qc4+ Kb2 92. Ke2 d1=Q+ 93. Kxd1 Ka3 94. Qb5 1-0

[Event "January 9 Early 2024"]
[Site "https://www.chess.com"]
[Date "2024.01.11"]
[Round "4"]
[White "Grutter, Tim"]
[Black "Starozhilov, Leonid"]
[Result "0-1"]
[Board "310"]
[TimeControl "180+1"]
[WhiteFideId "1057472"]
[BlackFideId "14106752"]
[WhiteElo "2554"]
[BlackElo "2773"]
[WhiteTeam "NED"]
[BlackTeam "UKR"]
[WhiteClock "0:00:05"]
[BlackClock "0:00:04"]

1. Nf3 Nf6 2. g3 g6 3. Bg2 Bg7 4. O-O O-O 5. b3 d6 6. Bb2 e5 7. d3 a5 8. a4 Nc6 9. Nbd2 h6 10. e4 Be6 11. Nc4 Qd7 12. Re1 Nh7 13. d4 Bxc4 14. bxc4 exd4 15. Nxd4 Ng5 16. h4 Ne6 17. Nxe6 Qxe6 18. Bxg7 Kxg7 19. Qd5 Qxd5 20. cxd5 Nb4 21. Rec1 Rfe8 22. Rab1 Rab8 23. f3 Na6 24. Bf1 Nc5 25. Bb5 Re7 26. Re1 Rf8 27. Kf2 h5 28. Bd3 b6 29. Bb5 Re5 30. Bc6 f6 31. Re3 Rf7 32. Rbe1 Rfe7 33. c4 f5 34. R1e2 fxe4 35. f4 Rf5 36. Bb5 Rf8 37. Kg2 Kf6 38. Re1 Rg7 39. Kh3 Ke7 40. R1e2 Kd8 41. Re1 Re7 42. R1e2 Nd3 43. Kg2 Nc5 44. Re1 Rfe8 45. R1e2 Rg8 46. Re1 Kc8 47. R1e2 Kb7 48. Re1 Rge8 49. R1e2 Rf8 50. Re1 Ref7 51. R1e2 Rf6 52. Re1 Rf5 53. R1e2 Kc8 54. Re1 Kd8 55. R1e2 R5f7 56. Kh3 Ke7 57. Re1 Kf6 58. R1e2 Kg7 59. Re1 Re7 60. R1e2 Kf6 61. Re1 Rff7 62. R1e2 Nb7 63. Re1 Rf8 64. R1e2 Rff7 65. Re1 Nd8 66. R1e2 Kf5 67. Re1 Rf8 68. R1e2 Nf7 69. Re1 Nh6 70. Rxe4 Rxe4 71. Bd7+ Kf6 72. Rxe4 Rf7 73. Re6+ Kg7 74. Be8 Rf6 75. Re7+ Kf8 76. Re1 Nf5 77. Bd7 Ne7 78. Bb5 Rf7 79. Re2 Kg7 80. Bd7 Kf6 81. Re6+ Kg7 82. Re2 Kf8 83. Be6 Rf6 84. Bd7 Kf7 85. Re3 Kf8 86. Re2 Ng8 87. Kg2 Nh6 88. Kf3 Rf7 89. Bc6 Re7 90. Rxe7 Kxe7 91. Bb7 Nf5 92. Bc8 Nd4+ 93. Ke4 Nb3 94. f5 Nc5+ 95. Kf4 Kf6 96. fxg6 Kxg6 97. Bf5+ Kf6 98. Bc2 Nd7 99. Bd1 Kg6 100. Bc2+ Kf6 101. Bd1 Kg6 102. Bc2+ Kg7 103. Kf5 Ne5 104. Bb3 Nd3 105. Kg5 Nf2 106. Kxh5 Ne4 107. Kg4 Nd2 108. Ba2 Ne4 109. Kf4 Nc5 110. Bb1 Nxa4 111. Kg5 Nc3 112. h5 Nxb1 113. h6+ Kh7 114. Kh5 Nd2 115. g4 Nf3 116. g5 Ne5 0-1

[Event "January 9 Early 2024"]
[Site "https://www.chess.com"]
[Date "2024.01.11"]
[Round "4"]
[White "Teimouri Yadkuri, Shahdad"]
[Black "Perez Gormaz, Matias"]
[Result "0-1"]
[Board "311"]
[TimeControl "180+1"]
[WhiteFideId "42515467"]
[BlackFideId "3406342"]
[WhiteElo "2421"]
[BlackElo "2678"]
[WhiteTeam "IRI"]
[BlackTeam "CHI"]
[WhiteClock "0:00:19"]
[BlackClock "0:00:14"]

1. e4 c6 2. Nc3 d5 3. Nf3 dxe4 4. Nxe4 Bf5 5. Ng3 Bg4 6. Bc4 e6 7. h3 Bxf3 8. Qxf3 Nf6 9. c3 Nbd7 10. d4 Bd6 11. O-O O-O 12. Ne4 Nxe4 13. Qxe4 Qc7 14. Bg5 Rae8 15. Rae1 Nf6 16. Qh4 Nd5 17. Bd3 f5 18. Re2 Bf4 19. g3 Bxg5 20. Qxg5 f4 21. Rfe1 fxg3 22. fxg3 Qf7 23. Be4 g6 24. Qe5 Ne7 25. b3 Nf5 26. Rf2 Qg7 27. Qxg7+ Nxg7 28. Rfe2 Rf6 29. Kg2 Kf7 30. Bf3 Kf8 31. c4 Rd8 32. Rd2 Nf5 33. d5 exd5 34. cxd5 Rfd6 35. Rc2 cxd5 36. Rc7 R8d7 37. Rc8+ Rd8 38. Rc7 R6d7 39. Rc3 d4 40. Rd3 Ne3+ 41. Kf2 Kg7 42. Ke2 Rc7 43. Rd2 Re7 44. Kd3 Rc7 45. Ke2 Rc3 46. Kf2 Nf5 47. Re4 Rf8 48. Rf4 g5 49. Rg4 h6 50. Kg2 Ne3+ 51. Kh2 Nxg4+ 52. Bxg4 d3 53. Bd1 Rf1 54. Kg2 Re1 55. Kf2 Re7 56. a4 a5 57. h4 Re8 58. hxg5 hxg5 59. Kf3 Re7 60. Kg4 Kf6 61. Kf3 Kf5 62. Kf2 g4 63. Kg2 Kg5 64. Kf2 Re8 65. Kg2 Re6 66. Kf2 Re7 67. Kg2 Kf6 68. Kf2 Ke5 69. Ke3 Kd6+ 70. Kf4 Kc5 71. Kxg4 Kd4 72. Kf4 Rf7+ 73. Kg5 Ke3 74. Rh2 Rf1 75. Bg4 d2 76. Re2+ Kd3 77. Re5 Kd4 78. Re6 Rc5+ 79. Kg6 d1=Q 80. Bxd1 Rxd1 81. Rd6+ Rd5 82. Rb6 Rd7 83. Rb5 Kc3 84. Rxa5 Rg1 85. Rb5 Rxg3+ 86. Kf6 Re3 87. a5 Red3 88. Ke6 Rc7 89. Rb6 Kc2 90. b4 Kc3 91. b5 Kc4 92. a6 bxa6 93. bxa6 Re3+ 94. Kd6 Ra7 95. Rc6+ Kb5 96. Rc1 Rb3 97. Kd5 Rxa6 98. Rc8 Rd3+ 99. Ke4 Rd1 100. Rb8+ Rb6 101. Rc8 Re6+ 102. Kf5 Ree1 103. Rc2 Kb6 104. Rb2+ Kc5 105. Ra2 Re3 106. Ra5+ Kb6 107. Ra2 Rf1+ 108. Kg4 Re8 109. Kg3 Rf7 110. Kg2 Rg8+ 111. Kh1 Rh7+ 112. Rh2 Rxh2+ 113. Kxh2 Kc5 114. Kh3 Kd4 115. Kh4 Ke5 116. Kh5 Rg1 117. Kh6 Kf5 118. Kh7 Kf6 119. Kh6 Rg5 120. Kh7 Kf7 121. Kh6 Rf5 122. Kh7 Rh5# 0-1

[Event "January 9 Early 2024"]
[Site "https://www.chess.com"]
[Date "2024.01.11"]
[Round "4"]
[White "Zou, Chen"]
[Black "McCoy, Owen"]
[Result "1/2-1/2"]
[Board "312"]
[TimeControl "180+1"]
[WhiteFideId "8610959"]
[BlackFideId "30924502"]
[WhiteElo "2796"]
[BlackElo "2597"]
[WhiteTeam "CHN"]
[BlackTeam "USA"]
[WhiteClock "0:00:04"]
[BlackClock "0:00:05"]

1. Nf3 Nf6 2. c4 e6 3. Nc3 d5 4. d4 c5 5. e3 a6 6. dxc5 Bxc5 7. a3 dxc4 8. Qxd8+ Kxd8 9. Bxc4 Ke7 10. b4 Ba7 11. Bb2 Nbd7 12. Ke2 b5 13. Bd3 Bb7 14. Rac1 Rhc8 15. Rhd1 g6 16. Nb1 Be4 17. Bxe4 Nxe4 18. Nd4 Bxd4 19. Bxd4 Nd6 20. Nd2 e5 21. Bc5 Nxc5 22. bxc5 Nb7 23. Nb3 Rc6 24. Rd5 Ke6 25. e4 Rac8 26. f4 f6 27. g4 a5 28. f5+ Ke7 29. fxg6 hxg6 30. g5 a4 31. gxf6+ Kxf6 32. Nd2 Rxc5 33. Rf1+ Ke7 34. Rg1 Rxd5 35. exd5 Kd6 36. Rxg6+ Kxd5 37. h4 Rc3 38. Rb6 Nc5 39. Rxb5 Rxa3 40. Rb8 Rh3 41. Rd8+ Kc6 42. Rc8+ Kb5 43. Rb8+ Ka6 44. Ra8+ Kb7 45. Ra5 Kc6 46. Nf3 e4 47. Nd4+ Kd5 48. Nf5 Kc4 49. Nd6+ Kb4 50. Rb5+ Ka3 51. Nc4+ Ka2 52. Rxc5 Rxh4 53. Rb5 Rh3 54. Rb2+ Ka1 55. Rb8 Rb3 56. Ra8 Rb4 57. Nb6 Kb2 58. Nxa4+ Kb3 59. Nc5+ Kc3 60. Ne6 Rb2+ 61. Ke3 Rb6 62. Rc8+ Kb4 63. Nd4 Rh6 64. Kxe4 Rh4+ 65. Kd3 Rh3+ 66. Ke4 Rh4+ 67. Ke5 Rh5+ 68. Nf5 Kb5 69. Rc1 Kb4 70. Rf1 Kc4 71. Rd1 Kc5 72. Rc1+ Kb4 73. Rc8 Kb5 74. Ke4 Kb4 75. Nd6 Rh4+ 76. Kd5 Rh5+ 77. Kc6 Kc3 78. Kd7+ Kd4 79. Ra8 Kd3 80. Ra3+ Kd4 81. Ra4+ Kd3 82. Kc6 Rg5 83. Ra3+ Ke2 84. Nf7 Rh5 85. Kd6 Kd2 86. Ne5 Ke2 87. Kd5 Kd2 88. Rg3 Ke2 89. Ke4 Rh4+ 90. Ng4 Kd2 91. Kd4 Kc2 92. Kc4 Kd2 93. Kd4 Kc2 94. Ke5 Kd2 95. Ke4 Kc2 96. Rg2+ Kc3 97. Kf5 Kd4 98. Nf6 Rh8 99. Rg4+ Kc5 100. Rg1 Rf8 101. Rc1+ Kd4 102. Rd1+ Kc5 103. Ke5 Rh8 104. Rc1+ Kb4 105. Kd4 Rh4+ 106. Kd5 Kb5 107. Rb1+ Ka6 108. Ne4 Rh5+ 109. Kc6 Rh6+ 110. Nd6 Ka5 111. Rb5+ Ka4 112. Rb8 Ka3 113. Kc5 Rh5+ 114. Kc6 1/2-1/2

[Event "January 9 Early 2024"]
[Site "https://www.chess.com"]
[Date "2024.01.11"]
[Round "5"]
[White "Wu, Derek"]
[Black "Filippova, Margarita"]
[Result "1-0"]
[Board "2"]
[TimeControl "180+1"]
[WhiteFideId "30914558"]
[BlackFideId "34199680"]
[WhiteElo "2659"]
[BlackElo "2340"]
[WhiteTeam "USA"]
[BlackTeam "RUS"]
[WhiteClock "0:02:51"]
[BlackClock "0:02:04"]

1. e4 e5 2. Nf3 Nc6 3. d4 exd4 4. Nxd4 Bb4+ 5. c3 Bc5 6. Be3 Bb6 7. Nf5 g6 8. Bxb6 axb6 9. Ne3 Nf6 10. Bd3 Qe7 11. O-O O-O 12. c4 Nxe4 13. Nd5 Qe5 14. Bxe4 Kg7 15. Nbc3 f5 16. f4 Qe8 17. Nxc7 1-0

[Event "January 9 Early 2024"]
[Site "https://www.chess.com"]
[Date "2024.01.11"]
[Round "5"]
[White "Garcia Correa, Jose Ricardo"]
[Black "Mirza, Diana"]
[Result "1-0"]
[Board "3"]
[TimeControl "180+1"]
[WhiteFideId "5101832"]
[BlackFideId "2503999"]
[WhiteElo "2221"]
[BlackElo "2000"]
[WhiteTeam "MEX"]
[BlackTeam "IRL"]
[WhiteClock "0:02:31"]
[BlackClock "0:02:12"]

1. e4 c5 2. Nf3 e6 3. d4 cxd4 4. Nxd4 Nc6 5. Nc3 a6 6. Nxc6 bxc6 7. Bd3 e5 8. O-O Nf6 9. f4 exf4 10. Bxf4 Bc5+ 11. Kh1 O-O 12. e5 Ne8 13. Ne4 Be7 14. Qh5 g6 15. Qh6 f5 16. Bc4+ Kh8 17. Ng5 Bxg5 18. Bxg5 Qc7 19. Qxf8# 1-0